 Dungeon Crawl Stone Soup version 0.29-a0-841-g116ddc6ace (webtiles) character file.

Game seed: 4218356574158968766

480 Brandom the Trooper (level 7, -1/61 HPs)
             Began as a Meteoran Fighter on July 14, 2022.
             Slain by an orc priest
             ... wielding a +0 short sword
              (5 damage)
             ... on level 4 of the Dungeon.
             The game lasted 00:10:24 (1714 turns).

Brandom the Trooper (Meteoran Fighter)              Turns: 1714, Time: 00:10:25

Health: -1/61      AC: 10    Str: 20    XL:     7   Next: 60%
Magic:  8/8        EV: 11    Int:  9    God:
Gold:   185        SH:  5    Dex: 14    Spells: 6/6 levels left

rFire   . . .      SeeInvis .   a - +0 flail
rCold   + . .      Faith    .   c - +0 buckler
rNeg    . . .      Spirit   .   g - +3 ring mail {rC+}
rPois   +          Reflect  .   (no helmet)
rElec   .          Harm     .   (no cloak)
rCorr   .          Rampage  .   (no gloves)
Will    .....                   k - +0 pair of boots
Stlth   +.........              (no amulet)
HPRegen 0.20/turn               i - ring of poison resistance
MPRegen 0.11/turn               (no ring)

@: glowing
A: sense surroundings 1, otherworldly, glowing, explore regen
a: no special abilities


You were on level 4 of the Dungeon.
You visited 1 branch of the dungeon, and saw 4 of its levels.

You collected 185 gold pieces.

Inventory:

Hand Weapons
 a - a +0 flail (weapon)
Armour
 b - a +0 scale mail
 c - a +0 buckler (worn)
 d - a +0 robe
   (You took it off Sigmund on level 3 of the Dungeon)
 f - a +0 ring mail
   (You found it on level 1 of the Dungeon)
 g - a +3 ring mail of cold resistance (worn)
   (You took it off Ijyb on level 3 of the Dungeon)
 k - a +0 pair of boots (worn)
   (You found it on level 3 of the Dungeon)
 n - a +0 robe
   (You found it on level 4 of the Dungeon)
 o - a +0 ring mail
   (You took it off an orc on level 2 of the Dungeon)
 p - a +0 robe
   (You took it off an orc wizard on level 2 of the Dungeon)
 t - a +0 leather armour
   (You found it on level 2 of the Dungeon)
 x - a +0 scale mail
   (You found it on level 4 of the Dungeon)
 C - a +0 leather armour
   (You found it on level 4 of the Dungeon)
Jewellery
 i - a ring of poison resistance (left hand)
   (You found it on level 1 of the Dungeon)
 r - a ring of magical power
   (You found it on level 2 of the Dungeon)
Scrolls
 e - 5 scrolls of identify {unknown}
 j - a scroll of fog {unknown}
 m - a scroll of acquirement {unknown}
 q - a scroll of teleportation {unknown}
 s - a scroll of blinking {unknown}
 u - a scroll of immolation {unknown}
 v - 4 scrolls of fear {unknown}
 y - a scroll of summoning {unknown}
 A - a scroll of silence {unknown}
Potions
 h - a potion of lignification {unknown}
 l - a potion of curing {@q1}
 w - a potion of might
 z - 2 potions of heal wounds {@q2}
 B - a potion of cancellation {unknown}


   Skills:
 * Level 5.6 Fighting
 + Level 4.7 Maces & Flails
 + Level 5.0 Armour
 + Level 3.2 Dodging
 + Level 5.0 Shields


You had 6 spell levels left.
You didn't know any spells.
Your spell library contained the following spells:

 Spells                   Type           Power      Damage    Failure   Level
 Slow                     Hex            0%         N/A       63%         1
 Confusing Touch          Hex            0%         N/A       94%         3
 Vampiric Draining        Necr           0%         2d6       94%         3


Dungeon Overview and Level Annotations

Branches:
Dungeon (4/15) Zot: 625
 Temple: D:4-7

Altars:


Innate Abilities, Weirdness & Mutations

You passively map a small area around you.
You are easily found by Zot.
You glow in the dark.
You regain HP and MP as you explore.


Message History

The orc priest attacks as you move away!
The orc priest hits you with a +0 short sword.
* * * LOW HITPOINT WARNING * * *
Unknown command.
The orc attacks as you move away! The orc hits you with a +0 mace.
* * * LOW HITPOINT WARNING * * *
The orc priest attacks as you move away!
The orc priest hits you but does no damage.
The orc attacks as you move away! The orc misses you.
The orc attacks as you move away! The orc hits you with a +0 hand axe.
* * * LOW HITPOINT WARNING * * *
The orc attacks as you move away! The orc barely misses you.
The orc priest calls upon Beogh to heal the orc priest.
The orc priest's wounds heal themselves!
You block the orc priest's attack.
Unknown command.
The orc attacks as you move away! The orc hits you but does no damage.
Unknown command.
The orc priest attacks as you move away!
The orc priest closely misses you.
Unknown command.
You are too injured to fight recklessly!
You are too injured to fight recklessly!
You hit the orc. The orc hits you with a +0 hand axe.
* * * LOW HITPOINT WARNING * * *
Unknown command.
Unknown command.
You closely miss the orc. You block the orc's attack.
The orc priest invokes the aid of Beogh against you.
Beogh smites you!
* * * LOW HITPOINT WARNING * * *
The orc priest calls upon Beogh to heal the orc.
The orc's wounds heal themselves!
The orc hits you with a +0 hand axe.
* * * LOW HITPOINT WARNING * * *
You closely miss the orc. The orc hits you but does no damage.
The orc priest looks satisfied for a moment.
Unknown command.
You barely miss the orc. The orc hits you but does no damage.
Unknown command.
You sock the orc!
You kill the orc!
Unknown command.
You hit the orc priest but do no damage.
The orc priest hits you with a +0 short sword.
* * * LOW HITPOINT WARNING * * *
You closely miss the orc priest.
The orc priest hits you but does no damage.
An endoplasm comes into view.
The orc priest hits you with a +0 short sword.
You die...

..############ .............#
#............# ######
...........(.# #....# ,
#.......<..###....#
,##..).............##########
#...........##...........>.# #
..........$..o##>...########.###
#............oo@....#### * #....
.............###....#.... #####
....##########*#.J.......#######
####* #...###........... *#.#.#
*........... , ..#.# *#.#.†)....
#.#..# #......... , #.,.##
##.>...... * * #. #* #........


You could see 2 orc priests, an orc and an endoplasm (wandering).

Vanquished Creatures
  Sigmund (D:3)
  A scorpion (D:4)
  An orc priest (D:4)
  Ijyb (D:3)
  2 orc wizards
  8 adders
  A worm (D:2)
  2 dart slugs
  4 orcs
  3 bats
  7 endoplasms
  2 giant cockroaches
  5 hobgoblins (D:1)
  6 jackals (D:1)
  5 kobolds
  4 quokkas
  9 ball pythons
  A frilled lizard (D:2)
  5 goblins
  6 rats
74 creatures vanquished.

Notes
Turn   | Place    | Note
-------+----------+-------------------------------------------
     0 | D:1      | Brandom the Meteoran Fighter began the quest for the Orb.
     0 | D:1      | Reached XP level 1. HP: 19/19 MP: 2/2
    50 | D:1      | Reached XP level 2. HP: 13/26 MP: 3/3
   109 | D:1      | Reached skill level 1 in Dodging
   146 | D:1      | Reached XP level 3. HP: 31/31 MP: 4/4
   476 | D:1      | Glimpsed the power of Zot.
   535 | D:1      | Reached XP level 4. HP: 39/40 MP: 5/5
   679 | D:2      | Reached XP level 5. HP: 46/46 MP: 6/6
  1033 | D:3      | Noticed Ijyb
  1035 | D:3      | Reached XP level 6. HP: 48/53 MP: 7/7
  1050 | D:3      | HP: 1/53 [rat (3)]
  1066 | D:3      | Killed Ijyb
  1344 | D:3      | Noticed Sigmund
  1354 | D:3      | Killed Sigmund
  1355 | D:3      | Reached skill level 5 in Fighting
  1355 | D:3      | Reached XP level 7. HP: 34/61 MP: 8/8
  1696 | D:4      | Reached skill level 5 in Armour
  1696 | D:4      | Reached skill level 5 in Shields
  1713 | D:4      | HP: 3/61 [orc priest/+0 short sword (1)]
  1714 | D:4      | Slain by an orc priest

Illustrated notes

Levels and vault maps discovered:
D:1:      lemuel_arrival_funnel, layout_rooms, minmay_misc_feat_ornament
D:2:      layout_basic, nrook_mini_vaults
D:3:      layout_rooms, uniq_sigmund, uniq_ijyb
D:4:      layout_rooms, okawaru_ov_weapons_minmay

Skill      XL: |  1  2  3  4  5  6  7 |
---------------+----------------------+-----
Maces & Flails | 3 4 |  4.7
Dodging        | 1 2 3 |  3.2
Fighting       | 4 5 |  5.6
Armour         | 4 5 |  5.0
Shields        | 4 5 |  5.0

Action                   |  1- 3 |  4- 6 |  7- 9 || total
-------------------------+-------+-------+-------++-------
Melee: Flail             |    89 |   106 |    43 ||   238
  Use: Potion            |       |     8 |       ||     8
Armor: Ring mail         |    48 |    56 |    25 ||   129
Dodge: Dodged            |    46 |    61 |    20 ||   127
Block: Buckler           |    25 |    30 |    16 ||    71

Table legend: (Time is in decaauts)
 A = Elapsed time spent in this place.
 B = Non-inter-level travel time spent in this place.
 C = Inter-level travel time spent in this place.
 D = Time resting spent in this place.
 E = Time spent auto-exploring this place.
 F = Levels seen in this place.
 G = Mean time per level.
                   A        B        C        D        E       F      G
               +--------+--------+--------+--------+--------+-----+--------+
         Total |   1773 |   1711 |     62 |      0 |   1081 |   4 |  443.2 |
       Dungeon |   1773 |   1711 |     62 |      0 |   1081 |   4 |  443.2 |
               +--------+--------+--------+--------+--------+-----+--------+

Top non-repeatable levels by time:
     D:1: 574 daAuts
     D:3: 515 daAuts
     D:2: 476 daAuts
     D:4: 206 daAuts
